Map: Heavy Artillery LE

Players

qqq - Winner!

  • Race: Terran Terran
  • Spawn Location: 7:00

Massa - Winner!

  • Race: Terran Terran
  • League: Platinum
  • Spawn Location: 7:00

TheSwarm

  • Race: Zerg Zerg
  • Spawn Location: 1:00

Lacagaste

  • Race: Terran Terran
  • Spawn Location: 3:00

VOD

Have the link to the VOD?

Description

Time

  • Played on: Nov. 6, 2020, 4:25 p.m.
  • Length: 22:36
Show
View Real Time Build Order
Export as new Build Order

qqq Terran - Winner!

Build Orders: Command Center First (CC) 

Get SALT Encoding   

  12  0:01  SCV  
  13  0:15  SCV  
  14  0:27  SCV  
  15  0:47  Supply Depot  
  15  0:51  Supply Depot  
  15  1:03  SCV  
  15  1:14  Command Center  
  15  1:15  SCV  
  16  1:29  Barracks  
  16  1:36  SCV  
  17  1:41  Refinery  
  17  1:55  SCV  
  17  2:10  SCV  
  17  2:11  Refinery  
  18  2:22  SCV  
  19  2:26  Marine  
  19  2:27  Bunker  
  20  2:34  SCV  
  20  2:35  SCV  
  22  2:46  SCV  
  22  2:48  SCV  
  23  2:58  SCV  
  24  3:00  SCV  
  24  3:01  Marine  
  26  3:10  SCV  
  26  3:11  Factory  
  26  3:12  SCV  
  28  3:19  Marine  
  29  3:22  SCV  
  29  3:24  SCV  
  31  3:27  Refinery  
  31  3:34  SCV  
  31  3:36  SCV  
  31  3:40  Marine  
  35  3:48  SCV  
  35  3:51  Bunker  
  35  3:57  Supply Depot  
  35  4:00  Supply Depot  
  35  4:04  Starport  
  35  4:11  Supply Depot  
  35  4:15  Bunker  
  35  4:19  SCV  
  35  4:23  Supply Depot  
  36  4:31  SCV  
  37  4:34  Supply Depot  
  37  4:37  Supply Depot  
  37  4:43  SCV  
  38  4:52  Factory Tech Lab  
  38  4:55  SCV  
  39  5:05  Starport  
  36  5:09  Marine  
  31  5:27  Marine  
  26  5:34  SCV  
  20  5:46  SCV, Siege Tank  
  24  5:52  SCV  
  25  5:59  SCV  
  25  6:04  SCV  
  27  6:11  SCV  
  28  6:16  SCV  
  29  6:23  SCV  
  30  6:27  Fusion Core  
  30  6:28  SCV  
  31  6:35  SCV, Starport Tech Lab  
  32  6:40  SCV  
  33  6:47  SCV  
  33  6:52  SCV  
  35  6:58  Armory  
  35  7:04  SCV  
  35  7:08  Siege Tank  
  39  7:12  SCV  
  40  7:16  SCV  
  41  7:24  SCV  
  42  7:44  Battlecruiser  
  42  7:45  SCV x2  
  50  7:56  Terran Ship Weapons Level 1  
  50  7:57  SCV  
  50  7:58  SCV  
  52  8:10  SCV  
  53  8:13  Orbital Command  
  53  8:17  Starport  
  53  8:22  Orbital Command  
  53  8:41  Engineering Bay  
  53  8:43  SCV  
  54  8:53  SCV  
  54  8:55  SCV  
  56  8:58  Command Center  
  56  9:02  Starport Tech Lab  
  56  9:05  SCV  
  56  9:07  SCV  
  58  9:13  Missile Turret  
  58  9:17  SCV  
  58  9:19  SCV, Missile Turret  
  60  9:31  SCV  
  60  9:34  Missile Turret  
  61  9:46  Battlecruiser  
  61  9:50  Missile Turret  
  67  9:54  Thor  
  67  9:55  Missile Turret  
  73  10:04  Missile Turret  
  73  10:05  SCV  
  74  10:11  Missile Turret  
  74  10:17  SCV  
  74  10:19  Battlecruiser  
  81  10:29  SCV  
  81  10:32  Missile Turret  
  82  10:41  SCV  
  83  10:53  SCV, Missile Turret  
  84  10:58  Battlecruiser  
  88  11:07  Terran Vehicle And Ship Armor Level 1  
  88  11:15  Missile Turret  
  75  11:25  Battlecruiser  
  66  11:43  SCV  
  66  11:44  SCV x2  
  66  11:47  Thor  
  75  11:56  SCV x3  
  77  12:08  SCV x3  
  80  12:23  Refinery  
  80  12:26  Orbital Command  
  80  12:29  Refinery  
  80  12:30  Refinery, Thor  
  86  12:51  Battlecruiser  
  92  13:01  Terran Vehicle Weapons Level 1  
  92  13:17  Factory  
  92  13:21  Thor  
  98  13:32  Weapon Refit  
  98  13:38  Supply Depot  
  98  14:00  Battlecruiser  
  104  14:19  Command Center  
  104  14:38  Thor  
  104  14:39  Battlecruiser  
  86  15:02  SCV x3  
  86  15:04  Battlecruiser  
  95  15:07  Factory Tech Lab  
  96  15:14  Terran Vehicle And Ship Armor Level 2, SCV x2  
  97  15:26  SCV  
  98  15:35  Sensor Tower  
  98  15:44  Command Center, Battlecruiser  
  98  15:48  Sensor Tower  
  104  15:57  Missile Turret  
  104  15:58  Command Center  
  104  15:59  Thor  
  110  16:08  Planetary Fortress, Battlecruiser  
  115  16:18  Missile Turret  
  115  16:22  SCV x3  
  118  16:34  SCV x3  
  118  16:38  Missile Turret  
  121  16:46  SCV x3  
  124  16:55  Supply Depot  
  124  16:56  SCV, Battlecruiser  
  124  16:57  SCV  
  124  16:58  SCV x3  
  124  16:59  Missile Turret  
  136  17:08  SCV  
  136  17:09  SCV  
  136  17:10  SCV  
  138  17:18  Supply Depot  
  138  17:19  Missile Turret  
  138  17:20  SCV  
  133  17:30  Thor x2  
  133  17:32  SCV  
  133  17:34  Terran Ship Weapons Level 2  
  146  17:39  SCV x3  
  146  17:40  Missile Turret  
  146  17:42  Refinery, Supply Depot  
  144  17:44  Refinery  
  143  17:57  Planetary Fortress  
  143  18:01  Missile Turret  
  143  18:05  Missile Turret  
  143  18:06  Supply Depot  
  143  18:07  Command Center  
  143  18:12  Sensor Tower  
  143  18:13  Thor  
  143  18:18  Battlecruiser  
  155  18:21  Marine  
  155  18:23  Missile Turret  
  155  18:25  Missile Turret  
  156  18:29  Supply Depot  
  156  18:39  Marine  
  157  18:43  Missile Turret  
  157  18:46  Missile Turret  
  145  18:54  Supply Depot  
  127  18:57  Marine  
  110  19:03  Thor x2  
  110  19:04  Missile Turret  
  110  19:08  Viking  
  124  19:15  Marine  
  124  19:16  SCV x4  
  124  19:17  SCV, Supply Depot  
  130  19:21  Viking  
  132  19:25  Planetary Fortress  
  132  19:28  SCV x3  
  132  19:29  SCV x2, Missile Turret  
  137  19:32  Marine  
  137  19:37  Viking  
  140  19:40  SCV  
  140  19:41  Supply Depot  
  141  19:46  Thor  
  141  19:49  Missile Turret  
  141  19:50  Terran Vehicle Weapons Level 2  
  141  19:51  Thor  
  154  19:59  Barracks Reactor  
  153  20:04  Supply Depot  
  153  20:09  Missile Turret  
  153  20:17  Banshee  
  156  20:27  Supply Depot  
  156  20:29  Missile Turret  
  153  20:50  Supply Depot  
  153  20:51  Missile Turret  
  122  21:09  Battlecruiser x2  
  122  21:10  Thor  
  122  21:11  Thor  
  146  21:13  Marine x2, Supply Depot  
  148  21:19  Refinery x2  
  148  21:31  Marine x2  
  150  21:36  Supply Depot  
  150  21:46  Missile Turret  
  149  21:49  Marine x2  
  149  21:58  Missile Turret  
  149  21:59  Supply Depot  
  149  22:00  Missile Turret  
  148  22:03  Missile Turret  
  148  22:04  Missile Turret  
  148  22:05  Supply Depot  
  148  22:06  Marine  
  148  22:07  Marine  
  148  22:20  Command Center  
  148  22:22  Supply Depot  
  148  22:31  Command Center  
Show
View Real Time Build Order
Export as new Build Order

Massa Terran - Winner!

Build Orders: Gas First Reaper Expand 

Get SALT Encoding   

  12  0:00  SCV  
  13  0:12  SCV  
  14  0:24  SCV  
  14  0:25  Supply Depot  
  15  0:31  Refinery  
  15  0:47  SCV  
  15  0:48  Barracks  
  16  0:59  SCV  
  17  1:11  SCV  
  18  1:28  SCV  
  19  1:37  Reaper  
  20  1:40  Command Center  
  20  1:46  Orbital Command  
  20  2:10  Barracks  
  20  2:11  SCV  
  20  2:15  Barracks  
  21  2:19  Marine  
  22  2:32  SCV  
  22  2:35  Factory  
  23  2:39  Barracks Tech Lab  
  23  2:50  Supply Depot  
  23  2:51  SCV  
  23  2:54  Supply Depot  
  23  2:57  Supply Depot  
  24  2:59  Stimpack  
  24  3:00  Marine  
  24  3:03  Marine  
  26  3:06  Marine  
  26  3:12  SCV  
  28  3:18  Marine  
  29  3:29  Marauder  
  29  3:31  Widow Mine, Orbital Command  
  29  3:33  SCV  
  34  3:56  Marauder, Marine x2  
  38  4:09  Factory Tech Lab  
  37  4:13  Marine  
  37  4:14  Marine  
  39  4:18  Marauder  
  41  4:25  Bunker  
  41  4:31  Marine  
  41  4:32  Marine  
  43  4:39  Marauder  
  43  4:42  Siege Tank  
  48  4:49  Marine  
  48  4:50  Marine  
  50  4:53  Barracks  
  50  4:57  SCV x2  
  50  4:58  Refinery x2  
  52  5:01  Marauder  
  54  5:07  Marine x2  
  54  5:09  SCV x2  
  47  5:21  SCV x2  
  47  5:22  Marauder  
  47  5:25  Marine x2  
  42  5:42  Marine  
  42  5:43  Marauder, Marine  
  44  5:54  Supply Depot  
  44  5:59  Siege Tank  
  44  6:00  Marine  
  44  6:01  Marine  
  44  6:02  Supply Depot  
  49  6:05  Marauder  
  49  6:08  Barracks Reactor, Barracks  
  49  6:09  Barracks  
  51  6:17  SCV x2  
  51  6:18  Marine  
  53  6:19  Marine  
  55  6:26  Marauder  
  55  6:29  SCV  
  55  6:30  SCV  
  55  6:31  Siege Tank  
  62  6:39  Barracks Reactor  
  62  6:45  Engineering Bay  
  62  6:47  Marauder  
  62  6:48  Supply Depot  
  62  6:49  Supply Depot  
  62  6:50  SCV x2  
  66  7:02  SCV x2  
  66  7:03  Siege Tank  
  66  7:04  Combat Shield  
  71  7:09  Marauder, Engineering Bay  
  71  7:10  Barracks Tech Lab  
  71  7:11  Barracks Reactor  
  71  7:13  Supply Depot  
  71  7:14  SCV  
  74  7:22  Starport  
  74  7:32  SCV x2  
  74  7:35  Command Center  
  74  7:36  Terran Infantry Weapons Level 1  
  76  7:44  Refinery, SCV x2  
  78  7:52  Terran Infantry Armor Level 1  
  78  7:54  Marauder x2  
  78  7:55  Marine x2  
  84  8:08  Widow Mine  
  84  8:11  Concussive Shells  
  86  8:16  Marauder  
  88  8:20  Missile Turret  
  88  8:23  Missile Turret  
  88  8:33  Missile Turret  
  90  8:36  Cyclone  
  91  8:46  Missile Turret  
  91  8:47  Marine x6  
  91  8:48  Marauder, Marine  
  100  8:49  Marauder  
  100  8:51  Starport Reactor  
  102  8:57  Armory  
  102  9:00  Missile Turret  
  102  9:04  Marine  
  102  9:05  Marine x2  
  107  9:10  Barracks Reactor, Marauder  
  107  9:23  SCV  
  107  9:24  SCV  
  109  9:29  Siege Tank  
  112  9:35  SCV  
  112  9:36  SCV  
  114  9:41  Sensor Tower  
  114  9:44  Sensor Tower  
  114  9:47  SCV  
  114  9:48  SCV  
  116  9:59  SCV  
  117  10:00  Missile Turret  
  117  10:05  Missile Turret  
  117  10:14  Missile Turret  
  117  10:18  Missile Turret  
  117  10:24  Supply Depot  
  117  10:25  Supply Depot x2  
  117  10:35  SCV  
  110  10:46  SCV, Medivac x2, Siege Tank  
  110  10:47  SCV  
  116  10:58  SCV  
  116  11:00  SCV  
  95  11:10  SCV  
  98  11:11  Marauder x2  
  98  11:12  SCV, Marine x3  
  98  11:13  Marine x3  
  98  11:16  Medivac  
  77  11:23  SCV  
  77  11:24  SCV, Marine  
  76  11:33  Marauder x2  
  76  11:39  Marine  
  68  11:40  Marine x6  
  62  11:52  Marine  
  60  11:54  Marauder  
  60  11:57  Marine  
  60  11:58  Marine x4  
  61  12:15  Barracks  
  61  12:16  Marauder  
  61  12:24  Sensor Tower  
  61  12:28  Factory Tech Lab  
  61  12:29  Command Center  
  61  12:37  Marauder  
  61  12:43  Terran Infantry Armor Level 2, Terran Infantry Weapons Level 2  
  59  12:47  Marine x2  
  59  12:48  Marine x3  
  64  12:56  Marine  
  64  12:57  Marine x2  
  69  12:58  Marauder  
  69  13:03  Medivac  
  69  13:05  Marine x2  
  71  13:11  Marine x3  
  76  13:16  Siege Tank  
  81  13:20  Marauder  
  83  13:41  Marauder  
  83  13:42  Sensor Tower  
  83  13:45  Planetary Fortress  
  83  13:49  Missile Turret  
  83  13:54  Missile Turret  
  83  13:56  Missile Turret  
  77  14:19  SCV x2  
  77  14:21  SCV  
  80  14:31  SCV x2  
  82  14:33  SCV  
  83  14:43  SCV x2  
  85  14:46  SCV  
  82  14:53  Marauder, Marine  
  82  14:54  Marauder  
  87  15:03  Medivac x2  
  87  15:05  Marine  
  92  15:14  Marauder  
  92  15:15  Marauder  
  96  15:36  Marauder x2  
  100  15:49  Siege Tank  
  103  15:51  Marine  
  103  15:52  Marine x6  
  103  15:53  Marine, Command Center  
  111  15:57  Marauder  
  111  15:58  Marauder  
  115  16:09  Marine  
  116  16:13  Marine x2  
  116  16:14  Marine x3  
  116  16:18  Medivac x2  
  125  16:19  Marauder  
  125  16:20  SCV x3  
  125  16:21  Siege Tank  
  133  17:04  Medivac x2  
  133  17:05  SCV x3, Siege Tank  
  133  17:07  Supply Depot  
  133  17:08  Supply Depot  
  143  17:17  SCV  
  144  17:31  Marauder x2, Marine x2  
  144  17:32  Marine x4, Supply Depot  
  144  17:33  Supply Depot  
  144  17:34  Medivac x2  
  158  17:44  Refinery  
  158  17:46  Terran Infantry Weapons Level 3, Refinery, Terran Infantry Armor Level 3  
  158  17:48  Terran Vehicle And Ship Armor Level 1  
  158  17:53  Marauder x2  
  158  17:56  Supply Depot  
  158  17:57  Supply Depot  
  156  18:14  Marauder x2  
  160  18:20  Supply Depot  
  135  18:50  Marauder x2, Marine x4  
  135  18:51  Marine x4  
  135  18:52  Siege Tank  
  140  19:08  Marine x5  
  126  19:11  Marauder x2  
  130  19:25  Siege Tank  
  133  19:32  Marauder  
  133  19:33  Marauder  
  133  19:37  Medivac x2  
  123  19:54  Marauder x2  
  123  19:57  Siege Tank  
  98  20:07  Medivac x2  
  98  20:11  Marine x2  
  98  20:12  Marine x6  
  98  20:14  Orbital Command  
  110  20:15  Marauder, Marine  
  110  20:17  Refinery  
  110  20:19  Refinery  
  113  20:29  Marine x6  
  113  20:33  Marauder  
  121  20:36  Marauder  
  121  20:37  Liberator x2  
  129  21:01  Command Center  
  129  21:16  Marauder x2, Marine  
  129  21:17  Marine x7  
  141  21:20  Liberator x2  
  147  21:34  Marine x2  
  147  21:37  Marauder  
  147  21:38  Marauder  
  153  21:59  Marauder x2  
  157  22:03  Medivac x2  
Show
View Real Time Build Order
Export as new Build Order

TheSwarm Zerg 

Build Orders: Pool First, Muta Ling Bane, Zergling Baneling 

Get SALT Encoding   

  12  0:06  Drone  
  13  0:13  Drone  
  14  0:28  Spawning Pool  
  13  0:30  Drone  
  14  0:38  Overlord  
  14  0:43  Extractor  
  14  0:46  Drone  
  14  1:00  Drone x2  
  14  1:04  Drone  
  17  1:17  Drone  
  18  1:19  Queen  
  20  1:41  Hatchery  
  19  1:54  Zergling x2  
  19  1:55  Queen  
  22  2:15  Overlord x2  
  22  2:35  Zergling x10  
  27  2:40  Metabolic Boost  
  27  2:44  Baneling Nest  
  26  3:00  Zergling x4  
  26  3:02  Zergling x6  
  31  3:06  Drone  
  31  3:11  Drone  
  33  3:20  Zergling x2  
  33  3:21  Zergling x2  
  33  3:23  Drone  
  36  3:29  Drone  
  36  3:30  Drone  
  38  3:41  Baneling x5  
  38  3:42  Baneling  
  38  3:45  Zergling x2  
  38  3:47  Drone  
  39  4:08  Baneling x4  
  39  4:09  Baneling  
  39  4:12  Drone x3  
  39  4:13  Drone  
  43  4:17  Overlord  
  43  4:18  Extractor  
  43  4:23  Baneling x3  
  42  4:28  Drone  
  42  4:30  Overlord  
  43  4:49  Drone x5  
  48  4:53  Extractor  
  48  4:55  Extractor  
  48  4:56  Drone x2  
  48  4:57  Drone x3  
  39  5:32  Drone x3  
  39  5:33  Drone  
  39  5:34  Drone  
  43  5:45  Lair  
  43  5:46  Zergling x12  
  43  5:48  Drone x2  
  43  5:49  Drone x2  
  53  5:57  Overlord  
  53  5:59  Overlord  
  53  6:00  Spore Crawler  
  53  6:04  Drone  
  53  6:05  Baneling  
  53  6:06  Baneling x3  
  53  6:09  Hatchery  
  52  6:13  Drone  
  52  6:17  Zergling x6  
  56  6:20  Drone x3  
  56  6:24  Baneling x4  
  56  6:25  Baneling x2  
  59  6:36  Spore Crawler  
  58  6:46  Zergling x8  
  62  6:48  Drone  
  62  6:49  Spire  
  62  6:57  Hatchery  
  62  6:58  Centrifical Hooks  
  61  7:01  Drone  
  62  7:12  Overlord  
  62  7:13  Overlord  
  62  7:21  Drone  
  62  7:22  Queen  
  65  7:26  Drone x4  
  65  7:27  Drone x4  
  73  7:35  Zergling x6  
  76  7:38  Drone  
  77  7:47  Drone  
  78  7:51  Drone x2  
  78  7:55  Overlord x4  
  80  8:07  Drone x2  
  80  8:10  Zerg Flyer Armor Level 1  
  80  8:11  Drone  
  83  8:13  Drone  
  83  8:14  Queen  
  83  8:18  Drone  
  87  8:20  Extractor  
  87  8:25  Extractor  
  87  8:27  Zergling x12  
  86  8:31  Zergling x4  
  86  8:32  Zergling x6  
  96  8:35  Drone x2  
  98  8:48  Evolution Chamber  
  98  8:50  Queen, Zergling x2, Evolution Chamber  
  99  8:55  Spore Crawler  
  99  8:58  Baneling x6  
  99  8:59  Baneling x7  
  99  9:00  Baneling  
  99  9:01  Mutalisk x4  
  99  9:02  Mutalisk x2  
  110  9:04  Mutalisk  
  110  9:05  Mutalisk x3  
  119  9:10  Drone x3  
  119  9:11  Drone  
  119  9:13  Drone x3  
  125  9:17  Spine Crawler  
  125  9:20  Spine Crawler  
  125  9:21  Spine Crawler  
  122  9:25  Queen  
  122  9:31  Drone  
  125  9:43  Drone  
  126  9:46  Drone x3  
  126  9:48  Overlord x4  
  126  9:49  Overlord  
  126  9:51  Zerg Ground Armor Level 1, Zerg Melee Weapons Level 1  
  129  9:58  Mutalisk x3  
  135  10:02  Overlord x3  
  135  10:03  Overlord x2  
  135  10:04  Zerg Flyer Weapons Level 1  
  135  10:18  Drone x6  
  141  10:22  Extractor  
  141  10:23  Spore Crawler  
  141  10:24  Extractor  
  141  10:25  Spore Crawler  
  137  10:31  Corruptor x3  
  137  10:32  Spore Crawler x2  
  140  10:50  Baneling x3  
  140  10:51  Baneling x6  
  140  10:52  Baneling x6  
  140  10:53  Drone x2  
  140  10:54  Drone  
  140  10:55  Drone x2  
  145  10:57  Spore Crawler  
  145  11:02  Spore Crawler  
  100  11:45  Zergling x8  
  105  11:47  Zergling x6  
  105  11:51  Queen  
  105  11:52  Nydus Network  
  105  11:53  Zergling x12  
  105  11:54  Zergling x2  
  115  11:58  Zergling x8  
  115  11:59  Zergling x4  
  119  12:01  Drone  
  119  12:02  Drone x2  
  114  12:19  Zerg Ground Armor Level 2, Zerg Melee Weapons Level 2, Zergling x8  
  118  12:23  Infestation Pit  
  118  12:24  Drone  
  118  12:30  Zergling x8  
  118  12:35  Baneling x7  
  118  12:36  Baneling x6  
  118  12:37  Baneling  
  122  12:38  Baneling x6  
  122  12:39  Baneling x2  
  122  12:40  Hatchery  
  122  12:41  Drone x3  
  124  12:45  Zergling x6  
  127  12:56  Zergling x6  
  130  13:01  Zergling x6  
  130  13:03  Hive  
  130  13:05  Zergling x10  
  136  13:15  Corruptor x6  
  136  13:17  Zerg Flyer Weapons Level 2  
  136  13:18  Corruptor  
  136  13:19  Corruptor x3  
  152  13:29  Drone  
  153  13:34  Pneumatized Carapace  
  153  13:36  Zergling x2  
  153  13:37  Zergling x10  
  159  13:42  Zergling x4  
  159  13:45  Zergling x6  
  164  13:59  Nydus Canal  
  164  14:05  Zergling x6  
  167  14:16  Ultralisk Cavern  
  111  14:58  Zerg Melee Weapons Level 3, Zerg Ground Armor Level 3  
  111  15:02  Drone x3, Queen  
  116  15:09  Spire, Corruptor x6  
  116  15:10  Corruptor x2  
  116  15:12  Chitinous Plating  
  131  15:20  Drone  
  132  15:22  Corruptor x3  
  132  15:26  Corruptor x4  
  132  15:27  Corruptor x3  
  152  15:30  Drone  
  152  15:32  Extractor  
  152  15:34  Extractor  
  152  15:35  Zergling x12  
  156  15:41  Drone  
  158  15:57  Corruptor x5  
  168  16:15  Spore Crawler  
  168  16:16  Spore Crawler  
  166  16:22  Zergling x4  
  166  16:23  Zergling x2  
  167  16:25  Zergling x2  
  167  16:26  Zergling x12  
  167  16:31  Anabolic Synthesis  
  167  16:32  Greater Spire  
  171  16:34  Zerg Flyer Armor Level 2  
  171  16:37  Corruptor x4  
  175  16:40  Zergling x4  
  175  16:41  Zergling x6  
  170  16:48  Spine Crawler x2  
  170  16:50  Spine Crawler  
  170  16:51  Spine Crawler  
  119  17:53  Brood Lord x6  
  131  18:01  Brood Lord  
  131  18:04  Brood Lord x2  
  137  18:08  Zergling x2  
  137  18:09  Zergling x14  
  145  18:14  Baneling x2  
  145  18:15  Baneling x5  
  145  18:17  Baneling  
  143  18:30  Zergling x14  
  143  18:31  Zergling x4  
  78  19:17  Ultralisk x2  
  78  19:18  Zergling x6, Ultralisk  
  78  19:19  Zergling x6  
  78  19:22  Zergling x6  
  101  19:39  Baneling x5  
  101  19:40  Zergling x2  
  101  19:41  Zergling x2  
  99  19:46  Zergling x4  
  63  21:06  Zergling x8, Ultralisk  
  63  21:07  Zergling x8  
  77  21:16  Drone  
  77  21:17  Drone, Extractor  
  78  21:21  Hatchery  
  77  21:33  Zergling x4  
  77  21:34  Zergling x4  
Show
View Real Time Build Order
Export as new Build Order

Lacagaste Terran 

Build Orders:  

Get SALT Encoding   

  12  0:01  SCV  
  13  0:13  SCV  
  14  0:23  Supply Depot  
  14  0:25  SCV  
  15  0:45  Barracks  
  15  0:47  SCV  
  16  1:10  SCV  
  17  1:14  Barracks  
  17  1:22  Barracks  
  17  1:32  Orbital Command  
  17  1:40  Supply Depot  
  17  1:42  Marine  
  18  2:00  SCV, Barracks, Marine  
  20  2:03  Marine  
  21  2:12  SCV  
  21  2:14  Marine  
  23  2:17  Marine  
  23  2:20  Marine  
  25  2:24  SCV  
  25  2:28  Supply Depot  
  26  2:32  Marine  
  26  2:35  Marine  
  26  2:36  SCV  
  26  2:37  Barracks  
  29  2:38  Marine  
  30  2:48  SCV  
  30  2:50  Marine x2  
  33  2:53  Marine  
  33  2:56  Marine  
  35  3:00  SCV, Supply Depot  
  36  3:08  Marine x2  
  36  3:11  Marine  
  39  3:19  Supply Depot  
  39  3:20  Supply Depot  
  39  3:21  Marine  
  39  3:22  SCV  
  39  3:26  Supply Depot  
  41  3:27  Marine  
  41  3:33  Marine x2  
  44  3:35  Marine  
  44  3:39  Marine  
  46  3:45  Marine  
  47  3:52  Marine x2  
  47  3:53  Marine  
  50  3:57  Marine  
  50  4:02  Marine  
  51  4:09  Marine  
  52  4:10  Marine  
  54  4:29  Command Center  
  41  5:29  Marine  
  41  5:30  Marine x3  
  35  5:47  Marine  
  35  5:48  Marine x3  
  32  5:50  Orbital Command  
  32  5:56  Marine  
  33  6:05  Marine x4  
  37  6:14  Marine  
  38  6:21  Barracks  
  38  6:22  Barracks  
  38  6:23  Marine x4  
  42  6:32  Marine  
  43  6:37  Barracks  
  43  6:41  Marine x4  
  43  6:46  SCV  
  48  6:50  Marine  
  48  6:52  Barracks  
  49  6:55  SCV  
  49  6:58  SCV, Barracks, Marine  
  49  6:59  Marine x3  
  49  7:00  Barracks  
  55  7:07  SCV  
  55  7:08  Marine  
  57  7:10  SCV  
  57  7:11  Marine x2  
  60  7:16  Marine  
  60  7:17  Marine x3  
  60  7:19  SCV  
  60  7:22  SCV  
  66  7:24  Supply Depot  
  66  7:25  Marine  
  66  7:26  Marine  
  66  7:27  Supply Depot x2  
  66  7:28  Marine, Supply Depot  
  66  7:29  Marine  
  70  7:32  SCV  
  70  7:34  Marine x3  
  70  7:35  Marine  
  75  7:37  Barracks  
  75  7:39  Marine  
  75  7:43  Marine  
  75  7:44  SCV, Marine  
  78  7:46  Marine x2  
  78  7:48  Barracks  
  81  7:58  Marine x3  
  82  7:59  Marine x2  
  82  8:01  Marine  
  87  8:10  Marine x4  
  91  8:16  Marine x4  
  91  8:19  SCV  
  96  8:28  Marine  
  96  8:29  Marine x3  
  96  8:30  Marine x3  
  96  8:31  SCV  
  104  8:37  Supply Depot  
  104  8:43  SCV  
  104  8:45  Command Center  
  105  8:51  Supply Depot  
  105  8:57  Supply Depot  
  105  8:59  Marine  
  105  9:00  Marine x3  
  105  9:02  Marine  
  110  9:03  Marine  
  110  9:07  Marine x2  
  110  9:08  Marine  
  114  9:14  Supply Depot  
  114  9:17  Marine  
  114  9:18  Marine x5  
  114  9:19  Supply Depot  
  114  9:20  Marine  
  121  9:28  Marine x3  
  121  9:29  Marine x3  
  127  9:35  Marine x3  
  130  9:54  Marine x2  
  130  9:55  Marine x5  
  130  9:56  Marine x4  
  141  10:04  SCV  
  141  10:05  Marine  
  141  10:06  Marine  
  144  10:12  Marine x3  
  144  10:13  Marine x3  
  150  10:16  SCV  
  150  10:21  Marine x2  
  152  10:23  Orbital Command  
  123  11:05  Marine x9  
  123  11:06  Marine x2  
  122  11:23  Marine x7  
  71  11:43  Marine x11  
  70  12:00  Marine  
  70  12:01  Marine x10  
  70  12:06  SCV  
  79  12:09  Marine x2  
  81  12:18  SCV, Marine  
  81  12:19  Marine x10  
  93  12:23  Supply Depot  
  93  12:27  Marine x2  
  95  12:30  SCV  
  95  12:36  Marine x3  
  95  12:37  Marine x6  
  94  12:42  SCV  
  90  12:44  Marine  
  90  12:45  Marine, Supply Depot  
  90  12:53  Refinery  
  90  12:54  Marine x4  
  90  12:57  Refinery  
  94  12:58  Refinery  
  94  12:59  Refinery  
  94  13:00  Refinery  
  94  13:02  Refinery  
  94  13:07  Command Center  
  94  13:08  Refinery  
  94  13:10  SCV, Supply Depot  
  94  13:11  SCV  
  96  13:14  Refinery  
  96  13:21  Command Center  
  96  13:22  Refinery, SCV  
  96  13:23  SCV  
  96  13:26  Refinery  
  98  13:33  Supply Depot  
  98  13:34  SCV  
  98  13:35  SCV  
  100  13:48  SCV  
  101  13:56  Supply Depot  
  101  14:00  SCV  
  50  14:40  Orbital Command  
  50  14:41  Orbital Command  
  50  15:10  SCV  
  50  15:12  SCV  
  50  15:13  Factory  
  52  15:16  Factory  
  52  15:18  SCV, Factory  
  53  15:22  SCV  
  53  15:24  SCV  
  53  15:26  Factory  
  55  15:35  SCV  
  56  15:36  SCV  
  57  15:47  SCV  
  57  15:48  SCV  
  59  15:59  SCV, Factory  
  59  16:01  SCV  
  61  16:06  Armory  
  61  16:07  Factory Tech Lab x3  
  61  16:08  Armory  
  61  16:09  SCV  
  61  16:10  Factory  
  62  16:13  SCV  
  62  16:14  SCV  
  64  16:19  Factory Tech Lab  
  64  16:21  SCV  
  65  16:26  SCV  
  65  16:31  Factory  
  66  16:33  SCV  
  66  16:38  SCV  
  68  16:44  Factory Tech Lab  
  68  16:55  Thor x2  
  68  16:56  Thor x2  
  92  17:01  Factory Tech Lab  
  92  17:10  Thor  
  98  17:16  Terran Vehicle Weapons Level 1  
  98  17:26  Thor  
  104  17:31  Factory Tech Lab  
  104  17:38  Thor x3  
  128  17:50  Hellbat  
  46  20:39  Barracks Tech Lab x7  
  46  20:59  Factory  
  46  21:00  Factory x2  
  46  21:01  Marauder x6  
  46  21:02  Factory  
  46  21:04  Factory  
Tags
 
Add a new tag
Caveats
  • Supply blocks, unpowered buildings, or Contaminate may cause inaccurate times.
  • Supply counts are checked every 10 seconds.